 Dungeon Crawl Stone Soup version 0.19.1-1-g22dce08 (webtiles) character file.

2907 dngmouse the Fighter (level 9, -8/90 HPs)
             Began as a Minotaur Gladiator on Jan 11, 2017.
             Killed from afar by an orc sorcerer (14 damage)
             ... with a bolt of negative energy
             ... in a bailey.
             The game lasted 00:32:15 (6710 turns).

dngmouse the Fighter (Minotaur Gladiator)           Turns: 6710, Time: 00:32:17

Health: -8/90      AC: 14    Str: 22    XL:     9   Next: 49%
Magic:  11/11      EV: 15    Int:  5    God:
Gold:   369        SH:  4    Dex: 19    Spells: 0 memorised, 8 levels left

rFire  . . .     SeeInvis .     a - +3 whip (vamp)
rCold  . . .     Gourm    .     M - +0 plate armour
rNeg   . . .     Faith    .     D - +0 buckler
rPois  .         Spirit   .     c - +0 hat
rElec  .         Reflect  .     n - +0 cloak
rCorr  .         Harm     .     (no gloves)
MR     .....                    (no boots)
Stlth  ..........               t - amulet of rage
                                (no ring)
                                q - +2 ring of evasion

@: agile, drained
A: retaliatory headbutt, horns 2, thin skeletal structure 1, deterioration 1,
robust 1
a: Evoke Berserk Rage


You were in a bailey.
You were not hungry.

You visited 2 branches of the dungeon, and saw 9 of its levels.
You also visited: Bailey.

You collected 369 gold pieces.

Inventory:

Hand Weapons
 a - a +3 vampiric whip (weapon)
 z - a +2 scythe of protection
Missiles
 d - 3 throwing nets
 e - 7 poisoned needles
 j - 196 stones (quivered)
 u - 5 needles of sleeping
 G - 3 steel tomahawks
Armour
 b - a +0 leather armour
 c - a +0 hat (worn)
 n - a +0 cloak (worn)
 D - a +0 buckler (worn)
 M - a +0 plate armour (worn)
Jewellery
 q - a +2 ring of evasion (left hand)
 t - an amulet of rage (around neck)
Wands
 f - a wand of flame (18/48)
 w - a wand of lightning (5/15)
 y - a wand of digging (10/24)
 K - a wand of flame (17/48)
Scrolls
 g - 2 scrolls of fog
 i - 4 scrolls of enchant weapon
 k - a scroll of magic mapping
 x - 5 scrolls of random uselessness
 B - 2 scrolls of remove curse
 F - a scroll of immolation {unknown}
 I - 3 scrolls of identify
Potions
 l - a potion of magic
 v - 2 potions of brilliance
 E - a potion of mutation
 J - a potion of flight
Books
 A - a book of Conjurations

   Spells                             Type                      Level
   a - Magic Dart                     Conjuration                  1
   b - Searing Ray                    Conjuration                  2
   c - Dazzling Spray                 Conjuration/Hexes            3
   d - Fulminant Prism                Conjuration/Hexes            4
   e - Iskenderun's Mystic Blast      Conjuration                  4
   f - Iskenderun's Battlesphere      Conjuration/Charms           5
Comestibles
 o - 7 meat rations
 p - 12 fruits
 s - 7 bread rations
 C - 3 slices of pizza
 H - a beef jerky


   Skills:
 + Level 8.3(7.8) Fighting
   Level 3.8(5.6) Axes
 + Level 7.6(7.5) Maces & Flails
 - Level 4.6(4.1) Throwing
 + Level 7.9(7.4) Armour
 - Level 3.2(2.8) Dodging
 - Level 1.2(0.7) Shields
 - Level 4.0(3.5) Evocations


You had 8 spell levels left.
You didn't know any spells.

Dungeon Overview and Level Annotations

Branches:
Dungeon (8/15)             Temple (1/1) D:4
   Lair: D:8-11

Altars:
Ashenzari
Cheibriados
Dithmenos
Elyvilon
Fedhas
Gozag
Hepliaklqana
Kikubaaqudgha
Makhleb
Nemelex Xobeh
Qazlal
Ru
Sif Muna
Trog
Uskayaw
Vehumet
Xom
Yredelemnul
Zin
The Shining One

Shops:
D:5 }   D:8 (


Innate Abilities, Weirdness & Mutations

You reflexively headbutt those who attack you in melee.
You have a pair of horns on your head.
You have a somewhat thin skeletal structure. (Dex +2, Stealth)
Your body sometimes deteriorates upon taking damage.
You are robust. (+10% HP)


Message History

Your +3 vampiric whip unmelds from your body.
Your +0 cloak unmelds from your body.
Your +0 hat unmelds from your body.
Your +0 buckler unmelds from your body.
Your +0 plate armour unmelds from your body.
Your +2 ring of evasion unmelds from your body.
Your amulet of rage unmelds from your body.
You feel a dreadful hunger.
The soul eater draws from the surrounding life force!
* * * LOW HITPOINT WARNING * * *
Okay, then.
Okay, then.
Okay, then.
As you read the scroll labeled ZICUPIOTWIR, it crumbles to dust.
You feel aware of your surroundings.
You sensed 2 shops/portals.
It was a scroll of magic mapping.
The orc sorcerer casts a spell at you.
The bolt of negative energy hits the soul eater.
The soul eater completely resists.
The bolt of negative energy hits you!
You feel drained.
You die...

≈≈≈≈,'....5K5._..,,,,,,+,≈≈≈≈≈≈≈≈
≈≈≈≈,#.8..53g....,,,,8,*,≈≈≈≈≈≈≈≈
≈≈≈≈,#.....35....,,,,,,*,≈≈≈≈≈≈≈≈
≈≈≈≈,#.8.########***,8,*,≈≈≈≈≈≈≈≈
≈≈≈≈,#...).#######,,,,,*,≈≈≈≈≈≈≈≈
≈≈≈≈,#.8...#.....#,,,8,*,≈≈≈≈≈≈≈≈
≈≈≈≈,#.....#.....#,,,,,*,≈≈≈≈≈≈≈≈
≈≈≈*+####..#..⌠..#,,****+*≈≈≈≈≈≈≈
≈≈≈*,,,,#..'....@+,,*,,,,*≈≈≈≈≈≈≈
≈≈≈*,,,,#..')[)3.+,,*,,,,*≈≈≈≈≈≈≈
≈≈≈***,,#####))'#####,,***≈≈≈≈≈≈≈
≈≈≈*,+,,#.)).3o.....#,,+,*≈≈≈≈≈≈≈
≈≈≈######≈≈≈§§§.≈≈≈≈######≈≈≈≈≈≈≈
≈≈≈≈≈≈≈≈≈≈≈≈≈...≈≈≈≈≈≈≈≈≈≈≈≈≈≈≈≈≈
≈≈≈≈≈≈≈≈≈≈≈≈≈...≈≈≈≈≈≈≈≈≈≈≈≈≈≈≈≈≈
≈≈≈≈≈≈≈≈≈≈≈≈≈...≈≈≈≈≈≈≈≈≈≈≈≈≈≈≈≈≈
≈≈≈≈≈≈≈≈≈≈≈≈≈...≈≈≈≈≈≈≈≈≈≈≈≈≈≈≈≈≈


You could see 2 soul eaters and an orc sorcerer.

Vanquished Creatures
  The ghost of feelmyfire the Archer, a novice CeHu (D:5)
  A kobold demonologist (Bailey)
  Eustachio (D:6)
  Sigmund (D:3)
  A hungry ghost (D:4)
  The ghost of dngmouse the Firebug, an amateur HOFE (D:3)
  An orc warrior (Bailey)
  An ice beast (D:8)
  3 ogres
  A necrophage (D:7)
  A phantom (D:7)
  A bullfrog (D:7)
  2 scorpions
  A crimson imp (D:6)
  A bullfrog zombie (D:8)
  4 quasits
  3 orc priests
  4 hounds
  A jelly (D:7)
  2 orc wizards
  A bullfrog skeleton (D:6)
  4 worker ants
  A hound zombie (D:6)
  A hound skeleton (D:7)
  A worker ant zombie (D:5)
  8 adders
  15 gnolls
  2 oozes (D:3)
  5 worms
  2 adder skeletons (D:4)
  3 dart slugs
  7 leopard geckos
  10 orcs
  11 bats
  A giant cockroach (D:2)
  7 goblins
  10 hobgoblins
  11 jackals
  7 kobolds
  4 quokkas
  2 ball pythons
  A ball python skeleton (D:4)
  9 frilled lizards
  A jackal zombie (D:7)
  29 rats
185 creatures vanquished.

Vanquished Creatures (others)
  A goblin (Bailey)
1 creature vanquished.

Grand Total: 186 creatures vanquished

Notes
Turn   | Place    | Note
-------+----------+-------------------------------------------
     0 | D:1      | dngmouse the Minotaur Gladiator began the quest for the Orb.
     0 | D:1      | Reached XP level 1. HP: 18/18 MP: 0/0
    51 | D:1      | Reached XP level 2. HP: 22/25 MP: 1/1
   120 | D:1      | Reached skill level 1 in Armour
   678 | D:1      | Reached skill level 3 in Fighting
   861 | D:2      | Reached XP level 3. HP: 29/31 MP: 2/2
   997 | D:2      | Reached skill level 1 in Maces & Flails
  1086 | D:2      | Reached XP level 4. HP: 36/38 MP: 3/3
  1997 | D:2      | Reached XP level 5. HP: 34/46 MP: 4/4
  2398 | D:3      | Noticed Sigmund
  2421 | D:3      | Killed Sigmund
  2421 | D:3      | Reached skill level 4 in Fighting
  2421 | D:3      | Reached XP level 6. HP: 27/53 MP: 5/5
  2975 | D:3      | Noticed dngmouse's ghost (amateur HOFE)
  2999 | D:3      | Killed dngmouse's ghost
  3215 | D:4      | Reached skill level 5 in Fighting
  3215 | D:4      | Reached XP level 7. HP: 40/61 MP: 6/6
  3564 | D:4      | Noticed a hungry ghost
  3578 | D:4      | Killed a hungry ghost
  3578 | D:4      | Reached skill level 1 in Shields
  3772 | D:4      | Found a staircase to the Ecumenical Temple.
  3789 | Temple   | Entered the Ecumenical Temple
  4029 | D:5      | Entered Level 5 of the Dungeon
  4103 | D:5      | Reached skill level 5 in Armour
  4131 | D:4      | Reached skill level 1 in Evocations
  4465 | D:5      | Noticed feelmyfire's ghost (novice CeHu)
  4483 | D:5      | Killed feelmyfire's ghost
  4483 | D:5      | Reached skill level 6 in Fighting
  4483 | D:5      | Reached skill level 5 in Maces & Flails
  4483 | D:5      | Reached XP level 8. HP: 63/70 MP: 8/8
  4525 | D:5      | Found Toucridgh's Quality Used Wands.
  4830 | D:6      | Found a shadowy altar of Dithmenos.
  4946 | D:6      | Noticed Eustachio
  4981 | D:6      | Killed Eustachio
  5049 | D:6      | Found a hide-covered altar of Uskayaw.
  5503 | D:6      | Reached skill level 7 in Fighting
  5691 | D:7      | Found a radiant altar of Vehumet.
  5963 | D:7      | Reached XP level 9. HP: 72/79 MP: 11/11
  5976 | D:7      | Identified the Tome of the Compass and the Escort
  6102 | D:8      | Found Urcho's Weapon Shop.
  6368 | D:8      | Found a flagged portal.
  6384 | Bailey   | Entered a bailey
  6422 | Bailey   | Reached skill level 8 in Fighting
  6649 | Bailey   | Found an iron altar of Okawaru.
  6649 | Bailey   | Noticed a kobold demonologist
  6649 | Bailey   | Noticed an orc sorcerer
  6651 | Bailey   | Noticed a soul eater
  6652 | Bailey   | Noticed a hellwing
  6664 | Bailey   | Gained mutation: You have a somewhat thin skeletal structure. (Dex +2, Stealth) [potion of mutation]
  6664 | Bailey   | Gained mutation: You are robust. (+10% HP) [potion of mutation]
  6664 | Bailey   | Gained mutation: Your body sometimes deteriorates upon taking damage. [potion of mutation]
  6672 | Bailey   | Noticed a smoke demon
  6691 | Bailey   | Noticed a sun demon
  6702 | Bailey   | Noticed a soul eater
  6703 | Bailey   | Noticed a soul eater
  6706 | Bailey   | Killed a kobold demonologist
  6710 | Bailey   | Killed from afar by an orc sorcerer

Skill      XL: |  1  2  3  4  5  6  7  8  9 |
---------------+----------------------------+-----
Armour         | 1 2 3 4 5 6 7 |  7.9
Fighting       | 3 4 5 6 7 8 |  8.3
Maces & Flails | 1 2 3 5 6 7 |  7.6
Throwing       | 3 4 |  4.6
Shields        | 1 |  1.2
Evocations     | 2 4 |  4.0
Axes           | |  3.8
Dodging        | |  3.2

Action                   |  1- 3 |  4- 6 |  7- 9 || total
-------------------------+-------+-------+-------++-------
Melee: War axe           |    18 |       |       ||    18
       Whip              |    49 |   145 |   371 ||   565
       Headbutt          |    11 |    36 |    75 ||   122
       Unarmed           |       |       |    13 ||    13
Throw: Stone             |    17 |    14 |    23 ||    54
  Use: Potion            |       |     2 |     8 ||    10
       Scroll            |       |       |    10 ||    10
  Eat: Bread ration      |     1 |       |       ||     1
       Chunk             |     1 |     5 |    14 ||    20
Armor: Leather armour    |     8 |       |       ||     8
       Ring mail         |    11 |    41 |   104 ||   156
       Plate armour      |       |       |    27 ||    27
       Skin              |       |       |     1 ||     1
Dodge: Dodged            |    51 |    79 |   247 ||   377
Block: Buckler           |       |       |    47 ||    47
